 Dungeon Crawl Stone Soup version 0.19.0 (webtiles) character file.

94 Dipster the Conjurer (level 4, -3/24 HPs)
             Began as a Kobold Wizard on Nov 7, 2016.
             Slain by an orc wizard
             ... wielding a +0 dagger
              (5 damage)
             ... on level 3 of the Dungeon.
             The game lasted 00:07:50 (3261 turns).

Dipster the Conjurer (Kobold Wizard)                Turns: 3261, Time: 00:07:51

Health: -3/24      AC:  4    Str:  4    XL:     4   Next: 94%
Magic:  1/8        EV: 14    Int: 20    God:
Gold:   315        SH:  0    Dex: 13    Spells: 3 memorised, 3 levels left

rFire  . . .     SeeInvis .     p - +0 dagger (speed)
rCold  + . .     Gourm    .     w - +1 leather armour {MR+}
rNeg   . . .     Faith    .     (shield restricted)
rPois  .         Spirit   .     b - +0 hat
rElec  .         Reflect  .     (no cloak)
rCorr  .         Harm     .     (no gloves)
MR     +....                    (no boots)
Stlth  ++........               (no amulet)
                                (no ring)
                                k - ring of protection from cold

@: very slightly contaminated
A: carnivore 3
a: no special abilities


You were on level 3 of the Dungeon.
You were completely stuffed.

You visited 1 branch of the dungeon, and saw 3 of its levels.

You collected 315 gold pieces.

Inventory:

Hand Weapons
 g - a +0 mace
 j - a +0 short sword
 p - a +0 dagger of speed (weapon)
 y - a +0 mace of crushing
 D - a +0 blowgun
Missiles
 e - 125 stones (quivered)
 n - 29 poisoned needles
 q - 47 sling bullets
Armour
 a - a +0 robe
 b - a +0 hat (worn)
 u - a +0 pair of boots
 w - a +1 leather armour of magic resistance (worn)
Jewellery
 k - a ring of protection from cold (left hand)
Scrolls
 h - 2 scrolls of enchant weapon {unknown}
 i - a scroll of teleportation {unknown}
 l - 3 scrolls of remove curse {unknown}
 m - 2 scrolls of enchant armour {unknown}
 v - a scroll of fear {unknown}
 E - a scroll of magic mapping {unknown}
Potions
 f - a potion of agility
 o - a potion of brilliance {unknown}
 r - a potion of might {unknown}
 s - 2 potions of curing {unknown}
 x - a potion of mutation {unknown}
 z - a potion of berserk rage {unknown}
 A - 2 potions of lignification {unknown}
 B - a potion of resistance {unknown}
Books
 c - a book of Minor Magic

   Spells                             Type                      Level
   a - Magic Dart                     Conjuration                  1
   b - Blink                          Translocation                2
   c - Call Imp                       Summoning                    2
   d - Repel Missiles                 Charms/Air                   2
   e - Slow                           Hexes                        2
   f - Conjure Flame                  Conjuration/Fire             3
   g - Mephitic Cloud                 Conjuration/Poison/Air       3
Comestibles
 d - 3 meat rations
 t - 2 slices of pizza
 C - a chunk of flesh


   Skills:
 * Level 1.0 Armour
 - Level 2.4 Dodging
 - Level 2.6 Stealth
 - Level 3.2 Spellcasting
 + Level 3.4 Conjurations
   Level 1.0 Summonings
 - Level 1.0 Translocations
 + Level 1.1 Air Magic
 + Level 1.0 Poison Magic


You had 3 spell levels left.
You knew the following spells:

 Your Spells              Type           Power        Failure   Level  Hunger
a - Magic Dart            Conj           ###.         8%          1    None
b - Blink                 Tloc           N/A          28%         2    ##.....
c - Mephitic Cloud        Conj/Pois/Air  ##......     34%         3    ###....


Dungeon Overview and Level Annotations

Branches:
Dungeon (3/15)

Altars:
Trog
Vehumet
Xom


Innate Abilities, Weirdness & Mutations

You are small and have problems with some larger weapons.
You are carnivorous and can eat meat at any time.


Message History

Confirm with . or Enter, or press ? or * to list all spells.
Okay, then.
The orc wizard mumbles some strange words.
The orc wizard blinks!
The orc wizard barely misses you.
Casting: Magic Dart
Confirm with . or Enter, or press ? or * to list all spells.
Aiming: Mephitic Cloud
Press: ? - help, Shift-Dir - straight line, p - orc The ball explodes into a vile cloud!
The stinking cloud engulfs the orc.
The orc wizard hits you with a dagger.
The orc is engulfed in noxious fumes.
The orc appears confused.
You hit the orc wizard.
The orc wizard is lightly wounded.
The orc wizard casts a spell at you. The magic dart hits you!
* * * LOW HITPOINT WARNING * * *
You barely miss the orc wizard.
The orc wizard is lightly wounded.
The orc wizard hits you with a dagger.
You die...

......)†..............>#
....##################.#
....# #.# ....# #.#
....# #.# ###.#
#######.# # #.#
#.......# #.# #o#######
#.# #@# #.# #o#
###.######## #§#
#..........# #§#
#.#.######.# #o# #.#.#
#o# #.#.#
#.################ #.#.#
#...oo.......(.(.( ..#.#
##################


You could see an orc wizard and 3 orcs.

Vanquished Creatures
  3 adders
  2 worms
  4 leopard geckos
  3 orcs (D:3)
  4 bats
  2 giant cockroaches
  3 goblins
  11 hobgoblins
  10 kobolds
  2 quokkas
  2 frilled lizards
  2 rats (D:2)
48 creatures vanquished.

Notes
Turn   | Place    | Note
-------+----------+-------------------------------------------
     0 | D:1      | Dipster the Kobold Wizard began the quest for the Orb.
     0 | D:1      | Reached XP level 1. HP: 10/10 MP: 4/4
   215 | D:1      | Reached XP level 2. HP: 14/15 MP: 1/6
   814 | D:1      | Reached XP level 3. HP: 5/19 MP: 0/7
  1162 | D:1      | Learned a level 2 spell: Blink
  1166 | D:1      | Learned a level 3 spell: Mephitic Cloud
  1219 | D:2      | Found a shimmering altar of Xom.
  1811 | D:2      | Reached XP level 4. HP: 12/24 MP: 0/8
  2429 | D:2      | Found a sparkling altar of Nemelex Xobeh.
  2429 | D:2      | Found a bloodstained altar of Trog.
  2431 | D:2      | Found a blossoming altar of Fedhas.
  2431 | D:2      | Found a radiant altar of Vehumet.
  2431 | D:2      | Found a glowing golden altar of the Shining One.
  2435 | D:2      | Reached skill level 1 in Air Magic
  2985 | D:3      | Reached skill level 1 in Poison Magic
  3081 | D:3      | Reached skill level 1 in Armour
  3261 | D:3      | Slain by an orc wizard

Skill      XL: |  1  2  3  4 |
---------------+-------------+-----
Conjurations   | 2 3 |  3.4
Air Magic      | 1 |  1.1
Poison Magic   | 1 |  1.0
Armour         | 1 |  1.0
Dodging        | |  2.4
Stealth        | |  2.6
Spellcasting   | |  3.2
Summonings     | |  1.0
Translocations | |  1.0

Action                   |  1- 3 |  4- 6 || total
-------------------------+-------+-------++-------
Melee: Short sword       |    23 |       ||    23
       Dagger            |    36 |   123 ||   159
Throw: Stone             |     1 |       ||     1
 Cast: Magic Dart        |    59 |    32 ||    91
       Mephitic Cloud    |     1 |     4 ||     5
  Use: Potion            |     2 |       ||     2
 Stab: Confused          |     1 |     2 ||     3
       Sleeping          |       |     2 ||     2
  Eat: Chunk             |     8 |     8 ||    16
Armor: Robe              |    13 |       ||    13
       Leather armour    |       |    37 ||    37
Dodge: Dodged            |    80 |    58 ||   138
